 Dungeon Crawl Stone Soup version 0.21-a0 (webtiles) character file.

81 Manul the Skirmisher (level 4, -4/40 HPs)
             Began as a Draconian Monk on May 20, 2017.
             Was a Believer of Okawaru.
             Killed by divine providence
             ... invoked by an orc priest
              (10 damage)
             ... on level 3 of the Dungeon.
             The game lasted 00:01:37 (1674 turns).

Manul the Skirmisher (Draconian Monk)               Turns: 1674, Time: 00:01:37

Health: -4/40      AC:  5    Str: 13    XL:     4   Next: 19%
Magic:  4/4        EV: 13    Int: 10    God:    Okawaru [**....]
Gold:   103        SH:  0    Dex: 15    Spells: 3/3 levels left

rFire    x . .     SeeInvis .   h - +1 dagger (venom)
rCold    + . .     Gourm    .   (no shield)
rNeg     . . .     Faith    .   (armour unavailable)
rPois    .         Spirit   .   (helmet restricted)
rElec    .         Reflect  .   (no cloak)
rCorr    .         Harm     .   (no gloves)
MR       +....                  (no boots)
Stlth    ++........             (no amulet)
Regen    0.2/turn               d - ring of ice
MPRegen  0.1/turn               e - ring of protection from magic

@: no status effects
A: unfitting armour, cold-blooded, AC +5
a: Heroism, Renounce Religion


You were on level 3 of the Dungeon.
You worshipped Okawaru.
Okawaru was pleased with you.
You were not hungry.

You visited 1 branch of the dungeon, and saw 3 of its levels.

You collected 103 gold pieces.

Inventory:

Hand Weapons
 a - a +0 falchion
 h - a +1 dagger of venom (weapon)
Armour
 c - a cursed +0 large shield
Jewellery
 d - a ring of ice (left hand)
 e - a ring of protection from magic (right hand)
Scrolls
 g - a scroll of teleportation {unknown}
 i - a scroll of magic mapping {unknown}
 j - a scroll of remove curse {unknown}
 l - a scroll of recharging {unknown}
 m - a scroll of fear {unknown}
 o - a scroll of noise {unknown}
Potions
 n - 2 potions of flight {unknown}
Comestibles
 b - 3 bread rations
 f - 4 royal jellies
 k - 9 chunks of flesh


   Skills:
 + Level 4.1 Fighting
 - Level 0.2(2.2) Short Blades
 + Level 3.7 Long Blades
 + Level 3.1 Dodging
 + Level 2.4 Stealth


You had 3 spell levels left.
You didn't know any spells.

Dungeon Overview and Level Annotations

Branches:
Dungeon (3/15)

Altars:
Okawaru


Innate Abilities, Weirdness & Mutations

Your plain brown scales are hard. (AC +5)
You cannot fit into any form of body armour.
You are cold-blooded and may be slowed by cold attacks.


Message History

The orc hits you with a dagger.
* * * LOW HITPOINT WARNING * * *
The orc closely misses you.
The orc priest begins to cast a cantrip, but forgets the words!
The orc hits you with a dagger.
* * * LOW HITPOINT WARNING * * *
The orc misses you. The orc closely misses you.
The orc hits you but does no damage. The orc barely misses you.
The orc hits you but does no damage. The orc hits you but does no damage.
The orc barely misses you. The orc hits you with a dagger.
* * * LOW HITPOINT WARNING * * *
The orc hits you but does no damage. The orc completely misses you.
The orc priest mumbles some strange prayers to Beogh against you.
Beogh smites you!
You die... .# ################o..# #..<......%..@ooro.# #################..#

You could see an orc priest, 3 orcs and a rat.

Vanquished Creatures
  A gnoll (D:1)
  2 adders (D:2)
  2 oozes
  2 dart slugs
  2 leopard geckos
  4 giant cockroaches
  3 hobgoblins (D:1)
  2 jackals (D:1)
  4 kobolds
  A ball python (D:2)
  3 bats
  3 frilled lizards
  6 goblins
  2 rats
37 creatures vanquished.

Notes
Turn   | Place    | Note
-------+----------+-------------------------------------------
     0 | D:1      | Manul the Draconian Monk began the quest for the Orb.
     0 | D:1      | Reached XP level 1. HP: 19/19 MP: 1/1
   124 | D:1      | Reached XP level 2. HP: 7/26 MP: 2/2
   559 | D:1      | Reached XP level 3. HP: 33/33 MP: 3/3
  1141 | D:2      | Reached skill level 4 in Fighting
  1187 | D:2      | Reached XP level 4. HP: 37/40 MP: 4/4
  1482 | D:2      | Found a faded altar of an unknown god.
  1494 | D:2      | Became a worshipper of Warmaster Okawaru
  1494 | D:2      | Reached * piety under Okawaru
  1494 | D:2      | Reached ** piety under Okawaru
  1674 | D:3      | Killed from afar by an orc priest

Vault maps used:
D:1:      minmay_arrival_jagged, minmay_small_reverse_x
D:2:      chequers_ecumenical_altar_twisty, kennysheep_potato

Skill      XL: |  1  2  3 |
---------------+----------+-----
Dodging        | 3 |  3.1
Stealth        | 2 |  2.4
Fighting       | 4 |  4.1
Short Blades   | |  0.2
Long Blades    | |  3.7

Action                   |  1- 3 |  4- 6 || total
-------------------------+-------+-------++-------
Melee: Falchion          |    55 |       ||    55
       Tailslap          |     6 |     4 ||    10
       Dagger            |    31 |    21 ||    52
 Stab: Sleeping          |     3 |       ||     3
       Distracted        |     1 |       ||     1
  Eat: Chunk             |     1 |     1 ||     2
Armor: Skin              |    14 |    28 ||    42
Dodge: Dodged            |    66 |    64 ||   130
       Rpst.: Falchion   |     8 |       ||     8
